 Dungeon Crawl Stone Soup version 0.30-a0-639-g3916f1956a (webtiles) character file.

Game seed: 8555200823364102706

1831 NinjaNoafa the Covert (level 9, -15/56 HPs)
             Began as an Octopode Ice Elementalist on Jan 15, 2023.
             Demolished by an orc warrior
             ... wielding a +0 battleaxe
              (17 damage)
             ... on level 6 of the Dungeon.
             The game lasted 00:14:21 (5918 turns).

NinjaNoafa the Covert (Octopode Ice Elementalist)   Turns: 5918, Time: 00:14:22

Health: -15/56     AC:  1    Str: 13    XL:     9   Next: 11%
Magic:  3/17       EV: 14    Int: 22    God:
Gold:   293        SH:  0    Dex: 12    Spells: 7/18 levels left

rFire   x . .      SeeInvis .    b - +3 flail (protect)
rCold   + . .      Faith    .    (no shield)
rNeg    . . .      Spirit   .    (helmet restricted)
rPois   +          Reflect  .    (no amulet)
rElec   .          Harm     .    e - +6 ring of strength
rCorr   .          Rampage  .    o - ring of poison resistance
Will    .....                    p - ring of ice
Stlth   +++++                    (no ring)
HPRegen 0.29/turn                (no ring)
MPRegen 0.15/turn                (no ring)
                                 (no ring)
                                 (no ring)

@: no status effects
A: almost no armour, amphibious, 8 rings, camouflage 1, gelatinous body 1,
(nimble swimmer 1), tentacles
a: no special abilities


You were on level 6 of the Dungeon.
You visited 1 branch of the dungeon, and saw 6 of its levels.

You collected 293 gold pieces.

Inventory:

Hand Weapons
 a - a +2 vampiric dagger
 b - a +3 flail of protection (weapon)
Missiles
 f - 6 javelins
 h - 3 poisoned darts
 i - 6 boomerangs (quivered)
 j - 3 throwing nets
 u - 4 datura-tipped darts
Armour
 t - a +0 kite shield
Jewellery
 e - a +6 ring of strength (left tentacle)
 o - a ring of poison resistance (right tentacle)
 p - a ring of ice (on tentacle)
Scrolls
 c - 5 scrolls of teleportation
 d - 3 scrolls of identify {unknown}
 g - 2 scrolls of blinking
 k - a scroll of summoning {unknown}
 m - a scroll of vulnerability {unknown}
 r - a scroll of amnesia {unknown}
Potions
 l - a potion of magic
 n - a potion of mutation {unknown}
 q - a potion of might
 s - 2 potions of heal wounds {unknown}
 v - a potion of haste {unknown}


   Skills:
 - Level 3.0 Fighting
 - Level 5.0 Dodging
 - Level 8.0 Stealth
 + Level 5.3 Spellcasting
 + Level 5.1 Summonings
 + Level 5.4 Ice Magic


You had 7 spell levels left.
You knew the following spells:

 Your Spells              Type           Power      Damage    Failure   Level
a - Freeze                Ice            100%       1d10      1%          1
b - Frozen Ramparts       Ice            88%        1d14      3%          3
c - Ozocubu's Armour      Ice            44%        N/A       3%          3
d - Summon Ice Beast      Ice/Summ       43%        N/A       11%         4

Your spell library contained the following spells:

 Spells                   Type           Power      Damage    Failure   Level


Dungeon Overview and Level Annotations

Branches:
Dungeon (6/15)             Temple (0/1) D:6

Altars:
Cheibriados
Elyvilon
Fedhas
Hepliaklqana
Nemelex Xobeh
Okawaru
Yredelemnul


Innate Abilities, Weirdness & Mutations

You cannot wear most types of armour.
You are amphibious.
You can wear up to eight rings at the same time.
Your skin changes colour to match your surroundings (Stealth+).
Your rubbery body absorbs attacks. (AC +1, EV +1)
((You are camouflaged when in or above water. (Stealth+)))
You have tentacles for arms and can constrict up to eight enemies at once.


Message History

You kill the orc!
The wall freezes the orc!
You kill the orc!
Your ice beast hits the bullfrog.
Your ice beast freezes the bullfrog!
The bullfrog dies!
Casting: Frozen Ramparts (dangerous; 3% risk of failure)
Confirm with . or Enter, or press ? or * to list all spells.
You feel a surge of power! A film of ice covers your body!
The wall freezes the orc.
The orc hits you but does no damage.
The orc hits your ice beast but does no damage.
The wall freezes something!
Your ice beast hits the orc.
Your ice beast freezes the orc!
The orc dies!
Your icy armour cracks and falls away as you move.
The frozen ramparts melt away as you move.
Something hits you.
Your ice beast closely misses the orc warrior.
Items here: )) [ †.
You closely miss something. Your squeeze misses something.
An iguana comes into view.
Something hits you.
The orc warrior hits you with a +0 battleaxe!!
The orc warrior closely misses your ice beast.
Your ice beast barely misses the orc warrior.
You hear some strange, mumbled words.
Something tries to affect you, but you resist.
The orc warrior barely misses you.
The orc warrior hits your ice beast with a +0 battleaxe!
Your magical contamination has completely faded away.
You swap places.
Your ice beast closely misses the orc warrior.
You hear some strange, mumbled words.
A magic dart appears from out of thin air!
The magic dart hits you.
The orc warrior hits you with a +0 battleaxe!
* * * LOW HITPOINT WARNING * * *
The orc warrior hits your ice beast with a +0 battleaxe!
Your ice beast barely misses the orc warrior.
The orc warrior hits you with a +0 battleaxe!
You die...

.###..#..#
......##.#
.....###.#
.#.......#
#...###..#
##..##...#######+###
....#...<..........#
..................#
........#.....Y.@#
..........####†o##
..#.....### #.).##
.##......##.#....#
..##...........l##
.###.............#
#.. .....##....#
..... .....# #
.....#.....#


You could see an orc warrior (ally target), an iguana and a friendly ice beast
(summoned).

Vanquished Creatures
  Sigmund (D:4)
  Menkaure (D:6)
  A black bear (D:5)
  2 ogres (D:5)
  2 centaurs (D:6)
  3 phantoms
  A bullfrog (D:6)
  2 scorpions (D:5)
  A water moccasin zombie (D:5)
  A bullfrog zombie (D:5)
  A howler monkey (D:4)
  2 hounds (D:5)
  Ijyb (D:4)
  4 orc wizards
  Natasha (thrice) (D:4)
  2 iguanas
  2 adders
  7 gnolls (D:4)
  A shadow imp (D:5)
  2 ufetubi
  A worm (D:2)
  2 dart slugs
  20 orcs
  7 ball pythons
  7 endoplasms
  4 giant cockroaches
  4 hobgoblins
  2 jackals (D:4)
  10 kobolds
  2 quokkas
  8 bats
  6 frilled lizards
  7 goblins
  2 rats (D:1)
122 creatures vanquished.

Vanquished Creatures (collateral kills)
  A bullfrog (D:6)
  An orc (D:6)
2 creatures vanquished.

Grand Total: 124 creatures vanquished

Notes
Turn   | Place    | Note
-------+----------+-------------------------------------------
     0 | D:1      | NinjaNoafa the Octopode Ice Elementalist began the quest
                  | for the Orb.
     0 | D:1      | Reached XP level 1. HP: 11/11 MP: 3/3
    67 | D:1      | Reached skill level 1 in Fighting
   128 | D:1      | Found a faded altar of an unknown god.
   215 | D:1      | Reached XP level 2. HP: 18/18 MP: 3/5
  1013 | D:2      | Reached XP level 3. HP: 9/24 MP: 0/6
  1635 | D:2      | Learned a level 3 spell: Frozen Ramparts
  1639 | D:2      | Learned a level 3 spell: Ozocubu's Armour
  1816 | D:3      | Reached XP level 4. HP: 16/29 MP: 2/8
  2145 | D:3      | Reached skill level 3 in Stealth
  2294 | D:3      | Found a blossoming altar of Fedhas.
  2418 | D:4      | Reached skill level 4 in Stealth
  2499 | D:4      | Found a snail-covered altar of Cheibriados.
  2552 | D:4      | Noticed Ijyb
  2580 | D:4      | Killed Ijyb
  2581 | D:4      | Reached skill level 5 in Stealth
  2581 | D:4      | Reached XP level 5. HP: 3/34 MP: 7/9
  3071 | D:4      | Noticed a phantom
  3089 | D:4      | Killed a phantom
  3090 | D:4      | Reached XP level 6. HP: 24/42 MP: 3/10
  3197 | D:4      | Noticed Natasha
  3209 | D:4      | Killed Natasha
  3698 | D:4      | Noticed Sigmund
  3709 | D:4      | Killed Sigmund
  3710 | D:4      | Reached skill level 6 in Stealth
  3710 | D:4      | Reached skill level 5 in Ice Magic
  3710 | D:4      | Reached XP level 7. HP: 28/46 MP: 0/12
  3850 | D:4      | Noticed Natasha
  3857 | D:4      | Killed Natasha
  3858 | D:4      | Noticed Natasha
  3865 | D:4      | Killed Natasha
  4247 | D:5      | Entered Level 5 of the Dungeon
  4275 | D:5      | Reached skill level 5 in Spellcasting
  4461 | D:5      | Reached skill level 7 in Stealth
  4461 | D:5      | Reached XP level 8. HP: 50/52 MP: 8/15
  4522 | D:5      | Found a hazy altar of Hepliaklqana.
  4578 | D:5      | Found an iron altar of Okawaru.
  4756 | D:5      | Reached skill level 8 in Stealth
  4769 | D:5      | Found a sparkling altar of Nemelex Xobeh.
  4952 | D:5      | Reached skill level 5 in Dodging
  4959 | D:5      | Learned a level 4 spell: Summon Ice Beast
  5091 | D:5      | Found a white marble altar of Elyvilon.
  5244 | D:5      | Found a basalt altar of Yredelemnul.
  5251 | D:5      | Reached skill level 1 in Summonings
  5460 | D:6      | Noticed Menkaure
  5467 | D:6      | Killed Menkaure
  5573 | D:6      | Found a staircase to the Ecumenical Temple.
  5619 | D:6      | Reached XP level 9. HP: 27/56 MP: 9/16
  5789 | D:6      | Reached skill level 5 in Summonings
  5917 | D:6      | HP: 2/56 [orc warrior/+0 battleaxe (15)]
  5918 | D:6      | Demolished by an orc warrior

Illustrated notes

Levels and vault maps discovered:
D:1:      dpeg_arrival_long_road, layout_basic,
          chequers_ecumenical_altar_island, solitary_fountain, minivault_14
D:2:      layout_rooms, lightli_corner_chamber
D:3:      layout_loops_ring, lemuel_round_altar
D:4:      layout_basic, mainiacjoe_overflow_concentric_impassable,
          serial_curves, eino_curves_02, eino_curves_04, uniq_sigmund,
          uniq_natasha, uniq_ijyb
D:5:      layout_cave_pools, nemelex_dance_club_becter, lemuel_round_altar,
          mainiacjoe_overflow_paths, mainiacjoe_overflow_brackets,
          lemuel_zombie_altar_yredelemnul
D:6:      layout_cave_pools, kennysheep_vampire_church,
          minmay_temple_entry_grid, serial_glass, glass_columns_a,
          glass_columns_a, kennysheep_generic_room_16, uniq_menkaure

Skill      XL: |  1  2  3  4  5  6  7  8  9 |
---------------+----------------------------+-----
Fighting       | 1 2 3 |  3.0
Stealth        | 5 6 7 8 |  8.0
Dodging        | 3 5 |  5.0
Spellcasting   | 3 5 |  5.3
Ice Magic      | 5 |  5.4
Summonings     | 4 5 |  5.1

Action                   |  1- 3 |  4- 6 |  7- 9 || total
-------------------------+-------+-------+-------++-------
Melee: Unarmed           |    11 |       |       ||    11
       Constrict         |     8 |    13 |    14 ||    35
       Tentacles         |     6 |    14 |    13 ||    33
       Hand axe          |    12 |       |       ||    12
       Dagger            |     1 |    31 |       ||    32
       Punch             |       |     3 |     2 ||     5
       Flail             |       |    27 |    72 ||    99
Throw: Boomerang         |       |    11 |    12 ||    23
 Cast: Freeze            |    61 |    15 |    11 ||    87
       Frozen Ramparts   |     1 |     7 |    13 ||    21
       Ozocubu's Armour  |       |     5 |     8 ||    13
       Summon Ice Beast  |       |       |     1 ||     1
  Use: Potion            |       |     2 |       ||     2
       Scroll            |       |       |     2 ||     2
 Stab: Sleeping          |     1 |     7 |     5 ||    13
Armor: Skin              |     5 |    13 |    49 ||    67
Dodge: Dodged            |    53 |    53 |   105 ||   211

Table legend: (Time is in decaauts)
 A = Elapsed time spent in this place.
 B = Non-inter-level travel time spent in this place.
 C = Inter-level travel time spent in this place.
 D = Time resting spent in this place.
 E = Time spent auto-exploring this place.
 F = Levels seen in this place.
 G = Mean time per level.
                   A        B        C        D        E       F      G
               +--------+--------+--------+--------+--------+-----+--------+
         Total |   5971 |   5734 |    237 |      0 |   4593 |   6 |  995.2 |
       Dungeon |   5971 |   5734 |    237 |      0 |   4593 |   6 |  995.2 |
               +--------+--------+--------+--------+--------+-----+--------+

Top non-repeatable levels by time:
     D:4: 1919 daAuts
     D:5: 1054 daAuts
     D:1: 957 daAuts
     D:2: 775 daAuts
     D:3: 712 daAuts
     D:6: 551 daAuts
